 Dungeon Crawl Stone Soup version 0.30-a0-996-ga6910c8ee8 (webtiles) character file.

Game seed: 1006062529923623091

685 NinjaNoafa the Magician (level 7, -1/50 HPs)
             Began as a Black Draconian Conjurer on Apr 4, 2023.
             Was a Follower of Vehumet.
             Shot themself with an orb of electricity (9 damage)
             ... on level 5 of the Dungeon.
             The game lasted 00:10:10 (3522 turns).

NinjaNoafa the Magician (Black Draconian Conjurer)  Turns: 3522, Time: 00:10:10

Health: -1/50      AC:  6    Str:  9    XL:     7   Next: 35%
Magic:  6/17       EV: 12    Int: 21    God:    Vehumet [*.....]
Gold:   526        SH:  0    Dex:  9    Spells: 16/20 levels left

rFire   . . .      SeeInvis .    j - +0 dagger (venom)
rCold   . . .      Faith    .    (no shield)
rNeg    . . .      Spirit   .    (body armour unavailable)
rPois   .          Reflect  .    (helmet restricted)
rElec   +          Rampage  .    (no cloak)
rCorr   .                        (no gloves)
Will    +....                    (no boots)
Stlth   ++                       (no amulet)
HPRegen 0.28/turn                l - ring of willpower
MPRegen 0.15/turn                (no ring)

@: no status effects
A: breathe lightning, AC +6, unfitting armour, electricity resistance,
cold-blooded
a: Breathe Lightning, Renounce Religion


You were on level 5 of the Dungeon.
You worshipped Vehumet.
Vehumet was aware of your devotion.
You visited 1 branch of the dungeon, and saw 5 of its levels.

You collected 526 gold pieces.

Inventory:

Hand Weapons
 j - a +0 dagger of venom (weapon)
Missiles
 k - 7 poisoned darts
Magical Staves
 r - a staff of death
Jewellery
 l - a ring of willpower (left hand)
Wands
 c - a wand of flame (42)
Scrolls
 g - 5 scrolls of identify {unknown}
 h - 2 scrolls of noise {unknown}
 i - 2 scrolls of magic mapping {unknown}
 n - a scroll of silence {unknown}
 p - 2 scrolls of torment {unknown}
 q - 3 scrolls of teleportation {unknown}
 t - a scroll of amnesia {unknown}
 u - a scroll of immolation {unknown}
Potions
 a - 4 potions of magic
 b - 5 potions of mutation {unknown}
 d - 2 potions of lignification {unknown}
 e - 4 potions of curing {unknown}
 f - 2 potions of flight {unknown}
 m - a potion of brilliance {unknown}
 o - 2 potions of heal wounds {unknown}
 s - a potion of cancellation {unknown}
 v - a potion of invisibility {unknown}


   Skills:
 - Level 1.7 Dodging
 - Level 1.7 Stealth
 + Level 7.2 Spellcasting
 - Level 5.0 Conjurations


You had 16 spell levels left.
You knew the following spells:

 Your Spells              Type           Power      Damage    Failure   Level
a - Magic Dart            Conj           100%       1d8       1%          1
b - Searing Ray           Conj           56%        2d6       1%          2
e - Foxfire               Conj/Fire      72%        2x1d7     3%          1

Your spell library contained the following spells:

 Spells                   Type           Power      Damage    Failure   Level
 Dazzling Flash           Conj/Hex       36%        N/A       10%         3
 Call Canine Familiar     Summ           7%         N/A       26%         3
 Portal Projectile        Hex/Tloc       14%        N/A       26%         3
 Fulminant Prism          Conj/Hex       9%         3d7       30%         4
 Iskenderun's Mystic Bla  Conj/Tloc      18%        2d6       30%         4
 Leda's Liquefaction      Hex/Erth       3%         N/A       65%         4


Dungeon Overview and Level Annotations

Branches:
Dungeon (5/15)
 Temple: D:4-7

Altars:
Elyvilon
Hepliaklqana
Nemelex Xobeh
Sif Muna
Vehumet
Wu Jian
Xom
The Shining One

Shops:
D:1 *

Annotations:
D:5 Edmund


Innate Abilities, Weirdness & Mutations

You can breathe wild blasts of lightning.
Your glossy black scales are hard. (AC +6)
You cannot fit into any form of body armour.
You are resistant to electric shocks. (rElec)
You are cold-blooded and may be slowed by cold attacks.


Message History

Confirm with . or Enter, or press ? or * to list all spells.
You conjure some foxfire!
The gnoll barely misses you. The orc hits you with a +0 dagger.
You hit Edmund but do no damage.
Edmund is poisoned.
The foxfire hits the gnoll.
The gnoll is heavily wounded.
The foxfire hits Edmund.
Edmund is lightly wounded.
The orc hits you but does no damage. The gnoll barely misses you.
Edmund hits you with a +0 heavy flail.
Your magical contamination has completely faded away.
The orc attacks as you move away! The orc closely misses you.
Edmund hits you with a +0 heavy flail!
* * * LOW HITPOINT WARNING * * *
There is an open door, spattered with blood here.
Things that are here:
a hound corpse; an adder corpse Unknown command.
Unknown command.
A gnoll bouda opens the door.
Things that are here:
a +0 robe; a +0 dagger; an orc corpse
Found 12 gold pieces.
The gnoll bouda shouts!
There is an open door here.
The gnoll attacks as you move away! The gnoll barely misses you.
The gnoll attacks as you move away! The gnoll barely misses you.
The gnoll bouda barks out a call to the hunt!
The gnoll picks up the pace!
An adder comes into view.
The gnoll attacks as you move away! The gnoll hits you with a +0 flail.
* * * LOW HITPOINT WARNING * * *
The gnoll hits you with a +0 flail!
* * * LOW HITPOINT WARNING * * *
Activating: Breathe Lightning (5% risk of failure)
Press: ? - help, Q - select action, (/) - cycle Dir - look around, f - activate You breathe a wild blast of lightning!
The orb of electricity explodes! x2
The orb of electricity engulfs you! You resist.
You die...

#.......# #.......#
#.##.##.# #.......#
#.##.##.# ####.####
#.#..##.# ##...####
#.#..##.####.......#
###''##...##....#..#
##....###.##.#.##..#
##...)..##.##.#......
#...@....#.†.....##.#
#...g÷...#.##.#.###.#
#...o....#.##.......#
#........######.#####
##.g....##.###...#
##....##...##...#
$.####@####.....##..#
...'...S.o@.......#..#
...########.......#..####


You could see Edmund (poisoned), a gnoll bouda, a gnoll (swift), an adder and an
orc.

Vanquished Creatures
  An ice beast (D:5)
  A black bear (D:5)
  A scorpion (D:5)
  A howler monkey (D:4)
  2 hounds (D:5)
  A sleepcap (D:4)
  Jessica (D:3)
  An orc wizard (D:5)
  2 iguanas
  Ijyb (D:5)
  8 adders
  A gnoll (D:5)
  An ufetubus (D:5)
  A worm (D:3)
  5 dart slugs
  7 orcs
  5 ball pythons
  4 bats
  4 endoplasms
  A giant cockroach (D:2)
  14 goblins
  8 hobgoblins
  8 jackals
  2 quokkas
  13 frilled lizards
  5 kobolds
99 creatures vanquished.

Vanquished Creatures (others)
  35 foxfires (D:5)
  A plant (D:3)
36 creatures vanquished.

Grand Total: 135 creatures vanquished

Notes
Turn   | Place    | Note
-------+----------+-------------------------------------------
     0 | D:1      | NinjaNoafa the Draconian Conjurer began the quest for the
                  | Orb.
     0 | D:1      | Reached XP level 1. HP: 14/14 MP: 3/3
   195 | D:1      | Reached XP level 2. HP: 20/20 MP: 0/5
   251 | D:1      | Learned a level 2 spell: Searing Ray
   357 | D:1      | Found Cuithen's General Store.
   621 | D:1      | Reached XP level 3. HP: 26/26 MP: 4/7
   914 | D:2      | Reached skill level 3 in Spellcasting
  1144 | D:2      | Found a faded altar of an unknown god.
  1667 | D:3      | Reached skill level 5 in Conjurations
  1667 | D:3      | Reached XP level 4. HP: 33/33 MP: 2/9
  1901 | D:3      | Reached skill level 4 in Spellcasting
  2026 | D:3      | Reached XP level 5. HP: 38/38 MP: 9/11
  2186 | D:3      | Noticed Jessica
  2189 | D:3      | Killed Jessica
  2195 | D:3      | Found a shimmering blue altar of Sif Muna.
  2230 | D:3      | Found a sparkling altar of Nemelex Xobeh.
  2233 | D:3      | Found a hazy altar of Hepliaklqana.
  2240 | D:3      | Found a shimmering altar of Xom.
  2245 | D:3      | Found a radiant altar of Vehumet.
  2250 | D:3      | Found a white marble altar of Elyvilon.
  2255 | D:3      | Found an ornate altar of the Wu Jian Council.
  2258 | D:3      | Became a worshipper of Vehumet
  2808 | D:4      | Reached skill level 5 in Spellcasting
  2829 | D:5      | Entered Level 5 of the Dungeon
  2851 | D:5      | Identified the +1 robe of the Shrinking Gods {rElec}
  2857 | D:5      | Noticed Ijyb
  2861 | D:5      | Killed Ijyb
  2862 | D:5      | Reached XP level 6. HP: 36/45 MP: 3/13
  3161 | D:5      | Reached * piety under Vehumet
  3161 | D:5      | Offered knowledge of Foxfire by Vehumet.
  3163 | D:5      | Found a glowing golden altar of the Shining One.
  3257 | D:5      | Reached skill level 6 in Spellcasting
  3285 | D:5      | Noticed an ice beast
  3304 | D:5      | Killed an ice beast
  3305 | D:5      | Your scales start taking on a glossy black colour.
  3305 | D:5      | Reached XP level 7. HP: 15/50 MP: 2/17
  3305 | D:5      | Gained mutation: You are resistant to electric shocks.
                  | (rElec) [Black Draconian growth]
  3405 | D:5      | Learned a level 1 spell: Foxfire
  3491 | D:5      | Reached skill level 7 in Spellcasting
  3493 | D:5      | Noticed Edmund
  3522 | D:5      | Shot themself with an orb of electricity

Illustrated notes

Levels and vault maps discovered:
D:1:      ncdulo_watergridlock, layout_loops_ring, serial_shops, shop
D:2:      layout_basic, shapermc_ecumenical_altar_mp_urbaneastern
D:3:      layout_basic, nicolae_overflow_hallway_of_the_gods, tgw_sif,
          serial_forest, infiniplex_forest_clump_medium,
          infiniplex_forest_straight_1, infiniplex_forest_clump_cross,
          infiniplex_forest_lined_3, infiniplex_forest_straight_3,
          kennysheep_decorative_pillar
D:4:      layout_cave_pools, feat_on_display
D:5:      minmay_polygon_palace, layout_loops_cross,
          nicolae_tso_swordbearing_angel, uniq_ijyb, uniq_prince_ribbit1,
          uniq_crazy_yiuf_cottage, uniq_edmund

Skill      XL: |  1  2  3  4  5  6  7 |
---------------+----------------------+-----
Spellcasting   | 3 4 5 6 7 |  7.2
Conjurations   | 5 |  5.0
Dodging        | |  1.7
Stealth        | |  1.7

Action                     |  1- 3 |  4- 6 |  7- 9 || total
---------------------------+-------+-------+-------++-------
  Melee: Dagger            |    31 |    16 |     1 ||    48
         Tailslap          |     5 |     1 |       ||     6
   Cast: Magic Dart        |    27 |    52 |       ||    79
         Searing Ray       |    12 |    25 |       ||    37
         Foxfire           |       |       |    20 ||    20
Ability: Breathe Lightning |       |       |     1 ||     1
  Evoke: Wand              |       |     5 |       ||     5
 Armour: Skin              |    22 |    20 |     2 ||    44
  Dodge: Dodged            |    55 |    34 |    12 ||   101

Table legend: (Time is in decaauts)
 A = Elapsed time spent in this place.
 B = Non-inter-level travel time spent in this place.
 C = Inter-level travel time spent in this place.
 D = Time resting spent in this place.
 E = Time spent auto-exploring this place.
 F = Levels seen in this place.
 G = Mean time per level.
                   A        B        C        D        E       F      G
               +--------+--------+--------+--------+--------+-----+--------+
         Total |   3523 |   3385 |    138 |    184 |   2521 |   5 |  704.6 |
       Dungeon |   3523 |   3385 |    138 |    184 |   2521 |   5 |  704.6 |
               +--------+--------+--------+--------+--------+-----+--------+

Top non-repeatable levels by time:
     D:2: 899 daAuts
     D:1: 790 daAuts
     D:5: 627 daAuts
     D:4: 606 daAuts
     D:3: 599 daAuts
